 Dungeon Crawl Stone Soup version 0.31.0-7-gf635a9b802 (webtiles) character file.

Game seed: 9416370536667074466

228 Arcadio the Sneak (level 6, -8/38 HPs)
             Began as a Kobold Brigand on Jan 23, 2024.
             Was an Initiate of Dithmenos.
             Mangled by an orc priest
             ... wielding a +1 dagger of electrocution
              (15 damage)
             ... on level 4 of the Dungeon.
             The game lasted 00:05:34 (3339 turns).

Arcadio the Sneak (Kobold Brigand)                  Turns: 3339, Time: 00:05:34

Health: -8/38      AC:  4    Str:  8    XL:     6   Next: 22%
Magic:  6/6        EV: 16    Int: 13    God:    Dithmenos [......]
Gold:   136        SH:  0    Dex: 18    Spells: 5/5 levels left

rFire   . . .        a - +2 dagger
rCold   . . .        (no shield)
rNeg    . . .        b - +0 robe
rPois   .            (no helmet)
rElec   .            c - +1 cloak
rCorr   .            (no gloves)
SInv    .            (no boots)
Will    .....        (no amulet)
Stlth   +++++        (no ring)
HPRegen 0.26/turn    (no ring)
MPRegen 0.10/turn

%: no passive effects
@: no status effects
A: small, no large weapons, nightstalker 3
a: Renounce Religion


You were on level 4 of the Dungeon.
You worshipped Dithmenos.
Dithmenos was noncommittal.
You visited 1 branch of the dungeon, and saw 4 of its levels.

You collected 136 gold pieces.

Inventory:

Hand Weapons
 a - a +2 dagger (weapon)
 p - a +0 dagger of freezing
Missiles
 d - 9 poisoned darts (quivered)
 e - 3 curare-tipped darts
Armour
 b - a +0 robe (worn)
 c - a +1 cloak (worn)
Jewellery
 i - a ring of ice
Scrolls
 g - a scroll of summoning
 h - a scroll of fear
 m - a scroll of revelation {unknown}
 n - 2 scrolls of blinking
Potions
 f - a potion of enlightenment {unknown}
 j - 2 potions of curing {unknown}
 l - 2 potions of resistance {unknown}
 o - a potion of might {unknown}


   Skills:
 + Level 4.2 Fighting
 - Level 2.6 Short Blades
 - Level 2.1 Throwing
 + Level 4.0 Dodging
 + Level 7.0 Stealth


You had 5 spell levels left.
You didn't know any spells.
Your spell library contained the following spells:

 Spells                   Type           Power      Damage    Failure   Level
 Sandblast                Erth           0%         2d4       30%         1
 Passwall                 Erth           0%         N/A       67%         3
 Stone Arrow              Conj/Erth      0%         3d7       67%         3
 Brom's Barrelling Bould  Conj/Erth      0%         2d3       97%         4


Dungeon Overview and Level Annotations

Branches:
Dungeon (4/15)
 Temple: D:4-7

Altars:
Dithmenos
Okawaru


Innate Abilities, Weirdness & Mutations

You are small and have problems with some larger weapons.
You are completely attuned to the shadows.


Message History

You kill the hobgoblin!
Dithmenos accepts your kill.
Items here: )) [ †.
Items here: )) [ †.
There is a stone staircase leading down, spattered with blood here.
You climb downwards.
There is a stone staircase leading up here.
The orc priest miscasts a cantrip.
There is a stone staircase leading up here.
The orc priest looks braver for a moment.
You hit the orc priest.
The orc priest is moderately wounded.
The orc priest hits you with a +1 dagger of electrocution.
You hit the orc priest.
The orc priest is moderately wounded.
You hit the orc priest.
The orc priest is heavily wounded.
The orc priest closely misses you.
You hit the orc priest.
The orc priest is heavily wounded.
The orc priest hits you with a +1 dagger of electrocution.
You closely miss the orc priest.
The orc priest is heavily wounded.
The orc priest hits you with a +1 dagger of electrocution.
You are electrocuted!
You closely miss the orc priest.
The orc priest is heavily wounded.
The orc priest closely misses you.
You closely miss the orc priest.
The orc priest is heavily wounded.
The orc priest hits you but does no damage.
You are electrocuted!
* * * LOW HITPOINT WARNING * * *
Okay, then.
As you read the scroll of summoning, it crumbles to dust.
Wisps of shadow whirl around you...
The orc priest hits you with a +1 dagger of electrocution.
* * * LOW HITPOINT WARNING * * *
You are electrocuted!
You die...

### ##.##
#<..# ##hl#
#..@##
#.##B.o.#
........##
.........##
....?......
...........
.##.##.....
.. #.....
....#.


You could see an orc priest (ally target), a friendly black bear (summoned), a
friendly iguana (summoned) and a friendly giant cockroach (summoned).

Vanquished Creatures
  An orc priest (D:3)
  Natasha (thrice) (D:3)
  An orc wizard (D:3)
  2 adders
  A dart slug (D:3)
  3 ribbon worms
  5 orcs (D:3)
  3 ball pythons
  9 bats
  6 endoplasms
  3 giant cockroaches
  7 goblins
  7 hobgoblins
  2 quokkas (D:2)
  3 frilled lizards
  6 kobolds
  4 rats
66 creatures vanquished.

Notes
Turn   | Place    | Note
-------+----------+-------------------------------------------
     0 | D:1      | Arcadio the Kobold Brigand began the quest for the Orb.
     0 | D:1      | Reached XP level 1. HP: 12/12 MP: 1/1
   118 | D:1      | Reached XP level 2. HP: 10/18 MP: 2/2
   316 | D:1      | Reached XP level 3. HP: 22/22 MP: 3/3
   808 | D:2      | Found a shadowy altar of Dithmenos.
   813 | D:2      | Became a worshipper of Dithmenos the Shadowed
   972 | D:2      | Reached skill level 6 in Stealth
   981 | D:2      | Reached XP level 4. HP: 28/28 MP: 4/4
  1540 | D:3      | Found an iron altar of Okawaru.
  1735 | D:3      | Noticed Natasha
  1739 | D:3      | Killed Natasha
  1740 | D:3      | Reached XP level 5. HP: 33/33 MP: 5/5
  1879 | D:3      | Noticed Natasha
  1888 | D:3      | Killed Natasha
  2312 | D:3      | Noticed Natasha
  2326 | D:3      | Killed Natasha
  2327 | D:3      | Reached XP level 6. HP: 10/38 MP: 6/6
  2687 | D:3      | Reached skill level 7 in Stealth
  3339 | D:4      | Mangled by an orc priest

Illustrated notes

Levels and vault maps discovered:
D:1:      dpeg_arrival_orchard, layout_basic
D:2:      layout_loops_ring, basic_altar
D:3:      layout_basic, okawaru_gym_becter, uniq_natasha
D:4:      layout_cave_pools, slow_altar_1, uniq_pikel, uniq_grinder

Skill      XL: |  1  2  3  4  5  6 |
---------------+-------------------+-----
Dodging        | 2 3 4 |  4.0
Fighting       | 3 4 |  4.2
Stealth        | 6 7 |  7.0
Short Blades   | |  2.6
Throwing       | |  2.1

Action                     |  1- 3 |  4- 6 || total
---------------------------+-------+-------++-------
  Melee: Dagger            |    88 |   121 ||   209
    Use: Scroll            |       |     6 ||     6
   Stab: Sleeping          |     9 |    18 ||    27
 Armour: Robe              |    44 |    48 ||    92
  Dodge: Dodged            |    55 |    72 ||   127
